 Dungeon Crawl Stone Soup version 0.21-a0-426-g98080a9 (webtiles) character file.

67 theanonym the Magician (level 4, -2/33 HPs)
             Began as a Mummy Ice Elementalist on Nov 7, 2017.
             Slain by a worm (9 damage)
             ... on level 2 of the Dungeon.
             The game lasted 00:02:17 (1972 turns).

theanonym the Magician (Mummy Ice Elementalist)     Turns: 1972, Time: 00:02:18

Health: -2/33      AC:  2    Str: 11    XL:     4   Next: 0%
Magic:  2/9        EV: 12    Int: 15    God:
Gold:   57         SH:  0    Dex: 12    Spells: 6/10 levels left

rFire    x . .     SeeInvis .   e - +0 dagger
rCold    + . .     Gourm    .   (no shield)
rNeg     + + +     Faith    .   a - +0 robe
rPois    ∞         Spirit   .   (no helmet)
rElec    .         Reflect  .   (no cloak)
rCorr    .         Harm     .   (no gloves)
MR       .....                  (no boots)
Stlth    ++........             (no amulet)
HPRegen  0.11/turn              (no ring)
MPRegen  0.11/turn              (no ring)

@: no status effects
A: no food or potions, fire vulnerability, cold resistance 1, negative energy
resistance 3, torment resistance, unbreathing
a: no special abilities


Innate Abilities, Weirdness & Mutations

You do not eat or drink.
Your flesh is vulnerable to fire.
You are immune to poison.
Your flesh is cold resistant. (rC+)
You are immune to negative energy. (rN+++)
You are immune to unholy pain and torment.
You can survive without breathing.


   Skills:
 + Level 2.0 Fighting
 - Level 1.5 Dodging
 - Level 1.5 Stealth
 + Level 3.7 Spellcasting
   Level 0.7 Conjurations
 + Level 3.0 Ice Magic


You had 6 spell levels left.
You knew the following spells:

 Your Spells              Type           Power        Failure   Level  Hunger
a - Freeze                Ice            ##..         5%          1    N/A
g - Ozocubu's Armour      Chrm/Ice       #.......     30%         3    N/A

Skill      XL: |  1  2  3 |
---------------+----------+-----
Spellcasting   | 3 |  3.7
Fighting       | 1 2 |  2.0
Ice Magic      | 3 |  3.0
Dodging        | |  1.5
Stealth        | |  1.5
Conjurations   | |  0.7

Action                   |  1- 3 |  4- 6 || total
-------------------------+-------+-------++-------
Melee: Unarmed           |    14 |       ||    14
       Dagger            |    24 |       ||    24
 Cast: Freeze            |    70 |     7 ||    77
Armor: Robe              |    12 |       ||    12
Dodge: Dodged            |    76 |       ||    76

Inventory:

Hand Weapons
 e - a +0 dagger (weapon)
   (You took it off a kobold on level 1 of the Dungeon)
Armour
 a - a +0 robe (worn)
Scrolls
 c - a scroll of identify {unknown}
 d - a scroll of recharging {unknown}
 f - a scroll of teleportation {unknown}
 g - a scroll of fear {unknown}
 h - a scroll of blinking {unknown}
 i - 2 scrolls of remove curse {unknown}
Books
 b - a book of Frost

   Spells                             Type                      Level
   a - Freeze                         Ice                          1
   b - Throw Frost                    Conjuration/Ice              2
   c - Ozocubu's Armour               Charms/Ice                   3
   d - Throw Icicle                   Conjuration/Ice              4
   e - Summon Ice Beast               Ice/Summoning                4

Dungeon Overview and Level Annotations

Branches:
Dungeon (2/15)

Altars:
Dithmenos
Fedhas
Zin


You were on level 2 of the Dungeon.
You were not hungry.

You visited 1 branch of the dungeon, and saw 2 of its levels.

You collected 57 gold pieces.


Message History

You don't have enough magic to cast Freeze!
You don't have enough magic to cast Freeze!
You don't have enough magic to cast Freeze!
A jackal comes into view.
The jackal barks!
Aim: a jackal You freeze the jackal.
* * * LOW MAGIC WARNING * * *
The jackal bites you. The jackal closely misses you.
You take 1 damage, and have 21/27 hp.
You now have 0/8 mp.
The jackal pauses to sniff the ground.
The jackal bites you.
You take 3 damage, and have 18/27 hp.
You closely miss the jackal. The jackal barely misses you.
You hit the jackal. The jackal bites you. The jackal closely misses you.
You take 2 damage, and have 16/27 hp.
You hit the jackal but do no damage. The jackal bites you.
You take 1 damage, and have 15/27 hp.
You hit the jackal but do no damage. The jackal bites you.
* * * LOW HITPOINT WARNING * * *
You take 2 damage, and have 13/27 hp.
You hit the jackal but do no damage. The jackal barely misses you. x2
You closely miss the jackal. The jackal bites you.
* * * LOW HITPOINT WARNING * * *
You take 1 damage, and have 13/27 hp.
Aim: a jackal (almost dead)
You freeze the jackal.
You kill the jackal!
Your Fighting skill increases to level 2!
* * * LOW MAGIC WARNING * * *
You now have 0/8 mp.
You hit the jackal but do no damage. The jackal misses you.
The jackal bites you but does no damage.
There are monsters nearby!
The jackal closely misses you.
The jackal bites you but does no damage.
The jackal barely misses you.
Aim: a jackal You freeze the jackal.
You kill the jackal!
* * * LOW MAGIC WARNING * * *
The jackal barely misses you.
You now have 0/8 mp.
You hit the jackal.
The jackal stops to sniff the ground.
The jackal bites you.
* * * LOW HITPOINT WARNING * * *
You take 2 damage, and have 12/27 hp.
The jackal bites you.
* * * LOW HITPOINT WARNING * * *
You take 1 damage, and have 11/27 hp.
The jackal barely misses you. The jackal closely misses you.
Aim: a jackal You freeze the jackal.
* * * LOW MAGIC WARNING * * *
The jackal closely misses you. The jackal barely misses you.
You now have 0/8 mp.
You hit the jackal.
You kill the jackal!
You have reached level 4!
You regained 3 hp, and now have 14/33 hp.
Things that are here:
a jackal skeleton; a hobgoblin skeleton; Health restored: 33; MP restored: 9 Unknown command.
A worm is nearby!
A worm is nearby!
A worm is nearby!
A worm is nearby!
Aim: a worm You freeze the worm.
You now have 8/9 mp.
Aim: a worm (moderately wounded)
You freeze the worm. The worm bites you!
You take 10 damage, and have 23/33 hp.
MASSIVE DAMAGE!!
You now have 7/9 mp.
You are too injured to fight recklessly!
You are too injured to fight recklessly!
You are too injured to fight recklessly!
You are too injured to fight recklessly!
You are too injured to fight recklessly!
You are too injured to fight recklessly!
Aim: a worm (severely wounded)
You freeze the worm.
You now have 6/9 mp.
Aim: a worm (severely wounded)
You freeze the worm. The worm bites you!
* * * LOW HITPOINT WARNING * * *
Aim: a worm (severely wounded)
You freeze the worm. The worm bites you!
* * * LOW HITPOINT WARNING * * *
You take 16 damage, and have 7/33 hp.
MASSIVE DAMAGE!!
You now have 4/9 mp.
Aim: a worm (severely wounded)
You freeze the worm.
* * * LOW MAGIC WARNING * * *
You now have 3/9 mp.
Aim: a worm (severely wounded)
You freeze the worm.
* * * LOW MAGIC WARNING * * *
The worm bites you!
You die...

.#.#.#.#.#. #.#
...........####.##
#.#.#.#.#÷#......###
........÷.........#
#.#.#.#.######.#.#
.........# .#.#
#.#.#.#.#.## .#.#
...........# .#.#
.#.#.#@#.## .#.#####
......w........ #.##...
#.#.#.#.#.########.##.##
......................
#.#.#.#.#######..##.##
.........)wgw..#.......
#.# #.#.#.####..g.###.##
## ### ###......#
#w.....##


You could see a worm.

Notes
Turn   | Place    | Note
-------+----------+-------------------------------------------
     0 | D:1      | theanonym the Mummy Ice Elementalist began the quest for the Orb.
     0 | D:1      | Reached XP level 1. HP: 13/13 MP: 4/4
   115 | D:1      | HP: 5/14 [ooze (3)]
   117 | D:1      | Reached skill level 3 in Spellcasting
   117 | D:1      | Reached XP level 2. HP: 4/20 MP: 0/6
   518 | D:1      | Reached skill level 1 in Fighting
   871 | D:2      | Reached XP level 3. HP: 21/26 MP: 1/7
   986 | D:2      | Found a glowing silver altar of Zin.
   993 | D:2      | Learned a level 3 spell: Ozocubu's Armour
  1148 | D:2      | Found a blossoming altar of Fedhas.
  1274 | D:2      | HP: 12/26 [worm (5)]
  1448 | D:2      | Reached skill level 3 in Ice Magic
  1512 | D:2      | HP: 12/27 [worm (10)]
  1681 | D:2      | Found a shadowy altar of Dithmenos.
  1748 | D:2      | HP: 13/27 [jackal (2)]
  1751 | D:2      | Reached skill level 2 in Fighting
  1761 | D:2      | HP: 12/27 [jackal (2)]
  1770 | D:2      | Reached XP level 4. HP: 14/33 MP: 0/9
  1969 | D:2      | HP: 15/33 [worm (8)]
  1970 | D:2      | HP: 7/33 [worm (8)]
  1972 | D:2      | Slain by a worm

Vanquished Creatures
  3 adders (D:2)
  An ooze (D:1)
  A worm (D:2)
  3 bats
  A giant cockroach (D:2)
  5 goblins
  7 hobgoblins
  4 jackals (D:2)
  A ball python (D:1)
  2 frilled lizards (D:1)
  3 kobolds (D:1)
  3 rats
34 creatures vanquished.
